 Dungeon Crawl Stone Soup version 0.22-a0-348-gd16d1391c7 (webtiles) character file.

105294 Laan the Ruinous (level 15, -1/72 HPs)
             Began as a Deep Elf Fire Elementalist on Apr 10, 2018.
             Was a High Priest of Vehumet.
             Slain by an ogre
             ... wielding a +0 giant club
              (3 damage)
             ... on level 1 of the Depths.
             The game lasted 02:26:30 (35294 turns).

Laan the Ruinous (Deep Elf Fire Elementalist)      Turns: 35294, Time: 02:26:31

Health: -1/72      AC: 11    Str: 13    XL:     15   Next: 94%
Magic:  40/40      EV: 14    Int: 30    God:    Vehumet [*****.]
Gold:   1226       SH:  8    Dex: 20    Spells: 11/53 levels left

rFire    . . .     SeeInvis +   J - staff of wizardry
rCold    + . .     Gourm    .   K - +2 buckler
rNeg     . . .     Faith    .   o - +2 robe {MR+}
rPois    .         Spirit   .   Q - +0 helmet
rElec    .         Reflect  .   R - +1 cloak {+Inv}
rCorr    .         Harm     .   m - +2 pair of gloves
MR       ++...                  (no boots)
Stlth    ++........             p - amulet of regeneration
HPRegen  0.62/turn              v - ring of the Octopus King {rC+ AC+1 EV+1 Str+1 Int+1 Dex+1}
MPRegen  0.27/turn              x - ring of Dirus {Str+7 Int+2 Dex+4 SInv}

@: no status effects
A: no striking features
a: Renounce Religion, Evoke Invisibility


You were on level 1 of the Depths.
You worshipped Vehumet.
Vehumet was extremely pleased with you.
You were not hungry.

You visited 5 branches of the dungeon, and saw 25 of its levels.
You also visited: Ossuary.

You collected 2478 gold pieces.
You spent 1252 gold pieces at shops.

Inventory:

Hand Weapons
 b - a +4 whip of venom
Missiles
 h - 580 stones (quivered)
Armour
 m - a +2 pair of gloves (worn)
 o - a +2 robe of magic resistance (worn)
 K - a +2 buckler (worn)
 M - a +1 robe of the Archmagi
 Q - a +0 helmet (worn)
 R - a +1 cloak of invisibility (worn)
 S - a +2 robe of the Archmagi
Magical Staves
 J - an uncursed staff of wizardry (weapon)
Jewellery
 a - a +4 ring of protection
 g - an uncursed ring of wizardry
 i - an uncursed ring of fire
 p - an amulet of regeneration (around neck)
 v - a ring of the Octopus King (left hand) {rC+ AC+1 EV+1 Str+1 Int+1 Dex+1}
   (You found it on level 6 of the Dungeon)

   [ring of protection from cold]

   It affects your AC (+1).
   It affects your evasion (+1).
   It affects your strength (+1).
   It affects your intelligence (+1).
   It affects your dexterity (+1).
   It protects you from cold.
 w - the ring "Utziurai" {*Slow rElec rF+ MP+9 Str+5}
   (You took it off a skeletal warrior on level 12 of the Dungeon)

   [ring of magical power]

   It affects your strength (+5).
   It protects you from fire.
   It insulates you from electricity.
   It affects your magic capacity (+9).
   It may slow you when you take damage.
 x - the ring of Dirus (right hand) {Str+7 Int+2 Dex+4 SInv}
   (You took it off an orc warrior on level 12 of the Dungeon)

   [ring of see invisible]

   It affects your strength (+7).
   It affects your intelligence (+2).
   It affects your dexterity (+4).
   It lets you see invisible.
 N - an uncursed ring of flight
Wands
 f - a wand of acid (8)
 l - a wand of scattershot (7)
 s - a wand of disintegration (22)
 t - a wand of iceblast (18)
 I - a wand of paralysis (23)
 L - a wand of clouds (10)
Scrolls
 d - 2 scrolls of fear
 e - 4 scrolls of amnesia
 k - 8 scrolls of fog
 r - 7 scrolls of remove curse
 y - 7 scrolls of teleportation
 A - 2 scrolls of magic mapping
 E - 10 scrolls of identify
 F - 2 scrolls of summoning
 P - 3 scrolls of enchant weapon
 U - a scroll of brand weapon
 V - 2 scrolls of enchant armour
Potions
 j - 3 potions of might
 n - a potion of haste
 q - 4 potions of lignification
 u - 5 potions of mutation
 z - 7 potions of curing
 B - 2 potions of berserk rage
 D - a potion of resistance
 G - a potion of magic
 H - a potion of cancellation {unknown}
 O - a potion of brilliance
Comestibles
 c - 43 rations


   Skills:
 - Level 2.4 Dodging
 - Level 2.4 Stealth
 - Level 4.0 Shields
 + Level 19.5 Spellcasting
 * Level 22.3 Conjurations
 - Level 7.6 Fire Magic


You had 11 spell levels left.
You knew the following spells:

 Your Spells              Type           Power        Failure   Level  Hunger
a - Flame Tongue          Conj/Fire      #####        0%          1    None
b - Conjure Flame         Conj/Fire      #######.     0%          3    None
c - Sticky Flame          Conj/Fire      #######.     1%          4    None
d - Fireball              Conj/Fire      #######...   1%          5    None
e - Iskenderun's Mystic   Conj           ########     0%          4    None
f - Freezing Cloud        Conj/Ice/Air   ######....   1%          6    None
g - Orb of Destruction    Conj           ########..   1%          7    ###....
h - Bolt of Fire          Conj/Fire      #######...   1%          6    None
i - Iron Shot             Conj/Erth      #######...   1%          6    None


Dungeon Overview and Level Annotations

Branches:
Dungeon (15/15)            Temple (1/1) D:7            Lair (6/6) D:11
  Swamp (0/4) Lair:3        Snake (0/4) Lair:3        Slime (0/5) Lair:6
    Orc (2/2) D:11            Elf (0/3) Orc:2        Vaults (0/5) D:13
 Depths (1/5) D:15

Altars:
Cheibriados
Dithmenos
Fedhas
Kikubaaqudgha
Makhleb
Nemelex Xobeh
Sif Muna
Trog
Vehumet
Wu Jian
Xom
The Shining One
Beogh
Jiyva

Shops:
D:15 *!   Orc:1 !   Orc:2 [%?((


Message History

The two-headed ogre misses you.
The two-headed ogre completely misses you.
The ogre hits you with a giant club! You block the two-headed ogre's attack.
The two-headed ogre misses you. 3 two-headed ogres come into view.
There is a staircase back to the Dungeon, spattered with blood here.
You see here a large rock.
The two-headed ogre shouts in stereo!
The jiangshi claws you!
The jiangshi draws strength from your injuries!
The jiangshi claws you!
The jiangshi draws strength from your injuries!
The ogre mage gestures at the two-headed ogre while chanting.
The two-headed ogre shouts in stereo!
The two-headed ogre seems to speed up.
The two-headed ogre misses you. You block the two-headed ogre's attack.
The two-headed ogre hits you with a giant club!!
* * * LOW HITPOINT WARNING * * *
You block the two-headed ogre's attack. The ogre hits you with a giant club.
You die...

#############
#............
#............
#....).......
#....).......
#....!.......
#....@O..C...
#...OOV......
...............
...............
###........O...
#.........O.V
#..#####...OO
#.. .....


You could see a stone giant, 2 jiangshi, 5 two-headed ogres, an ogre mage and an
ogre.

Vanquished Creatures
  2 orc warlords
  Nessos (Orc:2)
  A dire elephant (Lair:6)
  A yaktaur captain (D:15)
  12 hydras
  A rakshasa (D:12)
  A vault guard (D:13)
  An ice dragon (shapeshifter) (D:14)
  9 two-headed ogres
  The ghost of GordonOverkill the Cleaver, a novice HOEn of Trog (D:9)
  7 centaur warriors
  An ogre mage (Depths:1)
  8 orc high priests (Orc:2)
  Sonja (D:15)
  6 skeletal warriors
  4 unseen horrors
  Pikel (D:7)
  2 wolf spider zombies
  An orc knight (D:15)
  2 oklob plants (Lair:1)
  An orc sorcerer (Orc:2)
  6 cyclopes
  A manticore (D:14)
  5 elephants (Lair:4)
  15 ugly things
  4 black mambas
  A torpor snail (Lair:4)
  Psyche (D:12)
  10 spiny frogs
  A gargoyle (D:12)
  An efreet (D:15)
  A yaktaur (D:15)
  8 komodo dragons
  A freezing wraith (D:15)
  11 trolls
  The ghost of Minion the Thaumaturge, a novice DEWz of Vehumet (D:5)
  12 polar bears
  A hornet (D:12)
  2 raiju (Lair:6)
  19 blink frogs
  A wind drake (shapeshifter) (D:12)
  A meliai zombie (D:13)
  7 hippogriffs
  11 slime creatures
  A shadow (D:15)
  2 centaur simulacra (D:11)
  A tarantella (shapeshifter) (D:13)
  A water elemental (D:11)
  A wyvern (Lair:2)
  2 wraiths
  37 yaks
  4 vampire mosquitoes (D:13)
  Menkaure (D:7)
  15 wargs
  An acid dragon (D:12)
  5 insubstantial wisps
  20 water moccasins
  2 soldier ants (D:14)
  8 porcupines
  33 orc warriors
  15 hell hounds (Lair:6)
  16 ice beasts
  14 black bears
  7 sky beasts
  A slave (D:7)
  2 eyes of draining
  6 phantoms
  17 ogres
  34 centaurs
  14 wolves
  14 crocodiles
  4 big kobolds
  14 bullfrogs
  A wyvern zombie (D:11)
  A gnoll sergeant (D:9)
  5 scorpions
  12 killer bees
  A wight (D:11)
  5 jellies
  4 electric eels (D:11)
  8 crimson imps
  3 gnoll shamans (D:3)
  3 quasits
  3 bullfrog zombies
  10 hounds
  3 centaur zombies
  38 orc priests
  2 bullfrog skeletons
  28 orc wizards
  2 centaur skeletons (D:11)
  6 iguanas
  7 worker ants
  A killer bee zombie (D:6)
  A bullfrog simulacrum (D:11)
  3 mummies (Ossuary)
  A worker ant zombie (D:11)
  49 gnolls
  11 adders
  2 shadow imps
  2 white imps (D:11)
  2 worker ant simulacra (D:11)
  2 ufetubi (D:11)
  An ooze (D:3)
  2 adder zombies
  3 worms (D:3)
  4 dart slugs (D:1)
  3 leopard geckos
  114 orcs
  2 ball pythons
  8 bats
  9 giant cockroaches
  4 gnoll zombies (Ossuary)
  4 goblins
  6 hobgoblins
  25 jackals
  20 kobolds
  4 quokkas
  6 frilled lizards
  6 gnoll skeletons (Ossuary)
  4 goblin skeletons (Ossuary)
  3 goblin zombies (Ossuary)
  A hobgoblin skeleton (Ossuary)
  2 hobgoblin zombies (Ossuary)
  A jackal zombie (D:7)
  A kobold skeleton (Ossuary)
  A kobold zombie (Ossuary)
  A leopard gecko zombie (D:8)
  2 orc skeletons (Ossuary)
  2 orc zombies (Ossuary)
  2 quokka skeletons
  20 rats
  A rat skeleton (Ossuary)
  3 rat zombies (Ossuary)
  3 fungi
  5 plants
966 creatures vanquished.

Vanquished Creatures (others)
  A mummy (Ossuary)
  2 gnoll skeletons (Ossuary)
  3 goblin skeletons (Ossuary)
  A goblin zombie (Ossuary)
  A hobgoblin skeleton (Ossuary)
  A hobgoblin zombie (Ossuary)
  A kobold skeleton (Ossuary)
  4 kobold zombies (Ossuary)
  An orc skeleton (Ossuary)
  2 rat skeletons (Ossuary)
  4 rat zombies (Ossuary)
  10 fungi
  9 plants
40 creatures vanquished.

Grand Total: 1006 creatures vanquished

Notes
Turn   | Place    | Note
-------+----------+-------------------------------------------
     0 | D:1      | Laan the Deep Elf Fire Elementalist began the quest for the Orb.
     0 | D:1      | Reached XP level 1. HP: 10/10 MP: 6/6
   148 | D:1      | Reached XP level 2. HP: 15/15 MP: 5/8
   212 | D:1      | Reached skill level 2 in Conjurations
   489 | D:1      | Reached XP level 3. HP: 19/19 MP: 2/10
  1324 | D:2      | Reached skill level 3 in Conjurations
  1369 | D:2      | Found a sparkling altar of Nemelex Xobeh.
  1411 | D:2      | Reached XP level 4. HP: 20/24 MP: 4/11
  1646 | D:2      | Found a glowing golden altar of the Shining One.
  2198 | D:3      | Noticed an ogre
  2205 | D:3      | Learned a level 3 spell: Conjure Flame
  2210 | D:3      | Learned a level 4 spell: Sticky Flame
  2215 | D:3      | Killed an ogre
  2215 | D:3      | Reached skill level 4 in Conjurations
  2215 | D:3      | Reached XP level 5. HP: 28/28 MP: 6/13
  2711 | D:3      | Reached XP level 6. HP: 32/32 MP: 6/15
  2848 | D:3      | Reached skill level 5 in Spellcasting
  2892 | D:3      | Reached skill level 5 in Conjurations
  2977 | D:3      | Reached skill level 5 in Fire Magic
  3499 | D:3      | Reached XP level 7. HP: 36/36 MP: 13/17
  3793 | D:3      | Reached skill level 6 in Conjurations
  4551 | D:3      | Learned a level 5 spell: Fireball
  4567 | D:3      | Reached skill level 7 in Conjurations
  4882 | D:4      | Reached XP level 8. HP: 40/41 MP: 14/19
  5075 | D:4      | Found a shadowy altar of Dithmenos.
  5273 | D:5      | Entered Level 5 of the Dungeon
  5583 | D:5      | Noticed Minion's ghost (novice DEWz)
  5627 | D:5      | Killed Minion's ghost
  5627 | D:5      | Reached skill level 8 in Conjurations
  6471 | D:6      | Found a deep blue altar of Sif Muna.
  6584 | D:6      | Reached skill level 9 in Conjurations
  6638 | D:6      | Reached XP level 9. HP: 45/45 MP: 18/23
  6809 | D:6      | Found the ring of the Octopus King
  6809 | D:6      | Noticed a troll
  6818 | D:6      | Killed a troll
  6820 | D:6      | Got a ring of the Octopus King
  6821 | D:6      | Identified a ring of the Octopus King {rC+ AC+1 EV+1 Str+1 Int+1 Dex+1} (You found it on level 6 of the Dungeon)
  7331 | D:6      | Reached skill level 10 in Conjurations
  7594 | D:7      | Found a sand-covered staircase.
  7599 | Ossuary  | Entered an ossuary
  8088 | D:7      | Noticed a two-headed ogre
  8243 | D:7      | Noticed Menkaure
  8249 | D:7      | Killed Menkaure
  8377 | D:7      | Killed a two-headed ogre
  8377 | D:7      | Reached skill level 10 in Spellcasting
  8377 | D:7      | Reached skill level 11 in Conjurations
  8566 | D:7      | Found a staircase to the Ecumenical Temple.
  8576 | Temple   | Entered the Ecumenical Temple
  8582 | Temple   | Became a worshipper of Vehumet
  9022 | D:7      | Noticed Pikel
  9042 | D:7      | Killed Pikel
  9042 | D:7      | Reached XP level 10. HP: 50/50 MP: 8/26
  9522 | D:8      | Reached skill level 12 in Conjurations
  9877 | D:8      | Reached * piety under Vehumet
  9877 | D:8      | Offered knowledge of Sandblast by Vehumet.
 10198 | D:8      | Found an ornate altar of the Wu Jian Council.
 10398 | D:8      | Got a slimy mace
 10401 | D:8      | Identified the cursed +1 mace "Cex Itag" {flame, Dex+2} (You found it on level 8 of the Dungeon)
 11001 | D:9      | Noticed GordonOverkill's ghost (novice HOEn)
 11076 | D:9      | Noticed a moth of wrath
 11079 | D:9      | Found a bloodstained altar of Trog.
 11189 | D:9      | Reached ** piety under Vehumet
 11189 | D:9      | Offered knowledge of Shock by Vehumet.
 11515 | D:9      | Identified Tuxtif's Grimoire of Unstable Summoning
 11520 | D:9      | Reached skill level 13 in Conjurations
 11799 | D:9      | Killed GordonOverkill's ghost
 12282 | D:9      | Learned a level 4 spell: Iskenderun's Mystic Blast
 12283 | D:10     | Entered Level 10 of the Dungeon
 12469 | D:10     | Offered knowledge of Ignite Poison by Vehumet.
 12674 | D:10     | Noticed an unseen horror
 12678 | D:10     | HP: 2/50 [unseen horror (8)]
 12681 | D:10     | Killed an unseen horror
 12681 | D:10     | Reached XP level 11. HP: 29/54 MP: 19/29
 13086 | D:10     | Reached *** piety under Vehumet
 13232 | D:11     | Reached skill level 14 in Conjurations
 13302 | D:11     | Offered knowledge of Airstrike by Vehumet.
 13495 | D:11     | Noticed a two-headed ogre
 13825 | D:11     | Killed an unseen horror
 13996 | D:11     | Noticed a two-headed ogre
 14116 | D:11     | Got a smoking helmet
 14148 | D:11     | Reached **** piety under Vehumet
 14186 | D:11     | Offered knowledge of Bolt of Magma by Vehumet.
 14227 | D:11     | Killed a two-headed ogre
 14227 | D:11     | Reached skill level 15 in Conjurations
 14515 | D:11     | Noticed a brown ugly thing
 14682 | D:11     | Found a staircase to the Lair.
 14783 | D:11     | Killed a brown ugly thing
 15011 | D:11     | Noticed an unseen horror
 15012 | D:11     | Killed an unseen horror
 15012 | D:11     | Reached XP level 12. HP: 32/59 MP: 21/31
 15232 | D:11     | Found a staircase to the Orcish Mines.
 15516 | Lair:1   | Entered Level 1 of the Lair of Beasts
 15607 | Lair:1   | Noticed a six-headed hydra
 15609 | Lair:1   | Reached ***** piety under Vehumet
 15610 | Lair:1   | Killed a six-headed hydra
 15610 | Lair:1   | Reached skill level 1 in Shields
 15777 | Lair:1   | Identified the cursed -1 helmet of the Bruised Allies {rF+ Stlth+} (You found it on level 11 of the Dungeon)
 15957 | Lair:1   | Reached skill level 16 in Conjurations
 15959 | Lair:1   | Offered knowledge of Ozocubu's Refrigeration by Vehumet.
 16526 | Lair:1   | Learned a level 6 spell: Freezing Cloud
 17393 | Lair:3   | Found a staircase to the Swamp.
 18198 | Lair:3   | Noticed a seven-headed hydra
 18207 | Lair:3   | Killed a seven-headed hydra
 18207 | Lair:3   | Reached skill level 17 in Conjurations
 18353 | Lair:3   | Found a staircase to the Snake Pit.
 18360 | Lair:3   | Offered knowledge of Poison Arrow by Vehumet.
 18977 | Lair:4   | Reached skill level 15 in Spellcasting
 19179 | Lair:4   | Reached XP level 13. HP: 63/63 MP: 19/34
 19675 | Lair:4   | Found a runed door.
 20810 | Lair:5   | Reached skill level 18 in Conjurations
 20968 | Lair:5   | Offered knowledge of Orb of Destruction by Vehumet.
 20981 | Lair:5   | Learned a level 7 spell: Orb of Destruction
 21205 | Lair:6   | Entered Level 6 of the Lair of Beasts
 22091 | Lair:6   | Found a staircase to the Slime Pits.
 22091 | Lair:6   | Found a viscous altar of Jiyva.
 22395 | Lair:6   | Noticed a dire elephant
 22664 | Lair:6   | Killed a dire elephant
 22664 | Lair:6   | Reached skill level 19 in Conjurations
 23057 | Lair:6   | Reached XP level 14. HP: 68/68 MP: 20/36
 25364 | D:12     | Noticed Psyche
 25365 | D:12     | Killed Psyche
 25457 | D:12     | Offered knowledge of Bolt of Fire by Vehumet.
 25467 | D:12     | Learned a level 6 spell: Bolt of Fire
 25763 | D:12     | Got a smoking wooden ring
 26295 | D:12     | Got a warped pewter ring
 26298 | D:12     | Got a glittering lapis lazuli ring
 26585 | D:12     | Got a twitching pewter ring
 26951 | D:13     | Reached skill level 20 in Conjurations
 27108 | D:13     | Got a coiled golden ring
 27836 | D:13     | Found a gate to the Vaults.
 28879 | D:14     | Offered knowledge of Conjure Ball Lightning by Vehumet.
 29084 | D:14     | Reached XP level 15. HP: 72/72 MP: 30/39
 29410 | D:14     | Reached skill level 21 in Conjurations
 30191 | D:14     | Identified the ring "Utziurai" {*Slow rElec rF+ MP+9 Str+5} (You took it off a skeletal warrior on level 12 of the Dungeon)
 30192 | D:14     | Identified the ring of Dirus {Str+7 Int+2 Dex+4 SInv} (You took it off an orc warrior on level 12 of the Dungeon)
 30193 | D:14     | Identified the ring of Dofaakid {rN+ Dex+2} (You took it off a centaur warrior on level 12 of the Dungeon)
 30194 | D:14     | Identified the cursed ring of Tosopo {rN+ EV-4 Str+7 Int+4 Stlth+} (You took it off an orc on level 12 of the Dungeon)
 30195 | D:14     | Identified the ring of Ojuy {+Fly Str+4 Int-5 Stlth+} (You found it on level 13 of the Dungeon)
 30206 | D:15     | Entered Level 15 of the Dungeon
 30397 | D:15     | Noticed Sonja
 30768 | D:15     | Found Huiho's Distillery.
 30771 | D:15     | Bought a potion of curing for 51 gold pieces
 30771 | D:15     | Bought a potion of magic for 136 gold pieces
 30771 | D:15     | Bought a potion of magic for 136 gold pieces
 30771 | D:15     | Bought a potion of heal wounds for 85 gold pieces
 30771 | D:15     | Bought a potion of curing for 51 gold pieces
 30771 | D:15     | Bought a potion of magic for 136 gold pieces
 30896 | D:15     | Killed Sonja
 31176 | D:15     | Found Qeimead's General Store.
 31649 | D:15     | Found a staircase to the Depths.
 31877 | Orc:1    | Entered Level 1 of the Orcish Mines
 31899 | Orc:2    | Entered Level 2 of the Orcish Mines
 31899 | Orc:2    | Found Voriaghi's Magic Scroll Emporium.
 31899 | Orc:2    | Noticed an orc warlord
 31909 | Orc:1    | HP: 1/72 [orc warlord/great mace (29)]
 31930 | Orc:1    | Offered knowledge of Spellforged Servitor by Vehumet.
 32796 | Orc:1    | Found Exaopp's Distillery.
 32805 | Orc:1    | Bought a potion of curing for 48 gold pieces
 32805 | Orc:1    | Bought a potion of curing for 48 gold pieces
 32805 | Orc:1    | Bought a potion of heal wounds for 80 gold pieces
 32805 | Orc:1    | Bought a potion of curing for 48 gold pieces
 32805 | Orc:1    | Bought a potion of curing for 48 gold pieces
 32805 | Orc:1    | Bought a potion of curing for 48 gold pieces
 33335 | Orc:2    | Found a staircase to the Elven Halls.
 33375 | Orc:2    | Bought a scroll of teleportation for 39 gold pieces
 33375 | Orc:2    | Bought a scroll of summoning for 123 gold pieces
 33375 | Orc:2    | Bought a scroll of teleportation for 39 gold pieces
 33425 | Orc:2    | Noticed Nessos
 33779 | Orc:2    | Offered knowledge of Iron Shot by Vehumet.
 33800 | Orc:2    | Learned a level 6 spell: Iron Shot
 33881 | Orc:2    | Found a roughly hewn altar of Beogh.
 33901 | Orc:2    | Killed Nessos
 33953 | Orc:2    | Reached skill level 22 in Conjurations
 34046 | Orc:2    | Found Panajug's Food Emporium.
 34046 | Orc:2    | Found Naroih's Antique Armour Boutique.
 34150 | Orc:2    | Noticed an orc warlord
 34156 | Orc:2    | Killed an orc warlord
 34211 | Orc:1    | Killed an orc warlord
 34552 | Orc:2    | Bought a runed robe for 136 gold pieces
 34879 | Orc:2    | Found Jaanoh's Antique Weapon Emporium.
 34879 | Orc:2    | Found Kafoix's Weapon Boutique.
 35230 | Depths:1 | Entered Level 1 of the Depths
 35294 | Depths:1 | HP: 2/72 [two-headed ogre/giant club (29)]
 35294 | Depths:1 | Slain by an ogre

Vault maps used:
D:1:      kennysheep_arrival_seaside
D:2:      nemelex_xobeh_ov_fountains_minmay, tso_altar, first_ration
D:3:      lemuel_castle_with_subvaults
D:4:      nicolae_dithmenos_the_darkroom
D:5:      portal_sewer_entry_e
D:6:      old_standard_altar, minmay_small_thing
D:7:      minmay_temple_entry_glass, nicolae_ossuary_entry_ruins,
          grunt_ogre_cave, uniq_pikel, uniq_menkaure
D:8:      old_standard_altar, kennysheep_small_spiral
D:9:      tgw_trog
D:11:     lair_entry_dummy, erik_orc_2, serial_ice, serial_ice_f, serial_ice_h,
          serial_ice_e, serial_ice_i, portal_ice_cave_entry_ice_beasts,
          kennysheep_kite_vault
D:12:     minmay_the_grid_triangle_9x9_line_8_mashed, uniq_psyche
D:13:     david_vaults_5
D:15:     grunt_enter_depths_snipers, minmay_misc_feat_enclosed, serial_shops,
          shop, shop, uniq_sonja
Temple:   eino_narrow_crystal_temple
Lair:1:   dpeg_oklob_gauntlet, grunt_megastairs_1
Lair:2:   infiniplex_staircase_pool
Lair:3:   minmay_swamp_entry_wisps, minmay_snake_entry_six_corridors
Lair:4:   pf_torpor_hydra
Lair:6:   hangedman_lair_caniforms_friends, slime_altar_1,
          infiniplex_staircase_pool_2
Orc:1:    serial_shops, shop
Orc:2:    st_orc_town, serial_shops, nicolae_shop_crystal, uniq_nessos
Depths:1: grunt_metal_band, hex_tiny, serial_bayou_lagoon_b
Ossuary:  ossuary_due_pyramid

Skill      XL: |  1  2  3  4  5  6  7  8  9 10 11 12 13 14 15 |
---------------+----------------------------------------------+-----
Conjurations   | 2 3 4 5 7 9 11 13 15 17 19 20 22 | 22.3
Spellcasting   | 4 5 6 8 10 12 13 15 16 18 19 | 19.5
Fire Magic     | 4 5 6 7 |  7.6
Shields        | 4 |  4.0
Dodging        | |  2.4
Stealth        | |  2.4

Action                   |  1- 3 |  4- 6 |  7- 9 | 10-12 | 13-15 || total
-------------------------+-------+-------+-------+-------+-------++-------
Melee: Short sword       |       |       |    53 |       |       ||    53
       Whip              |       |       |    40 |    56 |     3 ||    99
       Staff             |       |       |       |       |    17 ||    17
Throw: Stone             |       |     2 |    18 |    25 |    13 ||    58
 Cast: Flame Tongue      |    73 |   146 |   390 |   589 |   222 ||  1420
       Conjure Flame     |       |     1 |    16 |    14 |       ||    31
       Sticky Flame      |       |       |    10 |    63 |    84 ||   157
       Fireball          |       |       |       |    84 |   391 ||   475
       Iskenderun's Myst |       |       |       |     6 |    18 ||    24
       Freezing Cloud    |       |       |       |       |    46 ||    46
       Orb of Destructio |       |       |       |       |    14 ||    14
       Bolt of Fire      |       |       |       |       |    19 ||    19
       Iron Shot         |       |       |       |       |     7 ||     7
  Use: Scroll            |     3 |     2 |     7 |    20 |    19 ||    51
       Potion            |       |       |       |     3 |    18 ||    21
  Eat: Chunk             |     1 |     7 |    16 |    22 |    32 ||    78
       Ration            |       |       |       |     4 |     7 ||    11
Armor: Robe              |     6 |     8 |    32 |    42 |    52 ||   140
Dodge: Dodged            |    14 |    23 |    81 |   118 |   109 ||   345
Block: Buckler           |       |       |       |     6 |    74 ||    80

Table legend:
 A = Spawn XP
 B = Non-spawn XP
 C = Spawn XP percentage of total XP
 D = Spawn monster count
 E = Non-spawn monster count
 F = Spawn count percentage of total count
 G = Total turns spent on level
                    A         B        C        D         E        F      G
               +---------+---------+-------+---------+---------+-------+---------
         Total |       0 |  150420 |   0.0 |       0 |     948 |   0.0 | 35294
               +---------+---------+-------+---------+---------+-------+---------
           D:1 |       0 |      64 |   0.0 |       0 |      34 |   0.0 |  1190
           D:2 |       0 |     101 |   0.0 |       0 |      19 |   0.0 |   913
           D:3 |       0 |    1116 |   0.0 |       0 |      85 |   0.0 |  2513
           D:4 |       0 |     196 |   0.0 |       0 |       9 |   0.0 |   657
           D:5 |       0 |     903 |   0.0 |       0 |      22 |   0.0 |   946
           D:6 |       0 |    1435 |   0.0 |       0 |      30 |   0.0 |  1357
           D:7 |       0 |    2682 |   0.0 |       0 |      22 |   0.0 |  1429
           D:8 |       0 |    1651 |   0.0 |       0 |      35 |   0.0 |  1643
           D:9 |       0 |    1887 |   0.0 |       0 |      31 |   0.0 |  1157
          D:10 |       0 |    1793 |   0.0 |       0 |      20 |   0.0 |   849
          D:11 |       0 |   11753 |   0.0 |       0 |      95 |   0.0 |  2536
          D:12 |       0 |    9453 |   0.0 |       0 |      42 |   0.0 |  2250
          D:13 |       0 |   10049 |   0.0 |       0 |      37 |   0.0 |  1563
          D:14 |       0 |   21433 |   0.0 |       0 |      56 |   0.0 |  1928
          D:15 |       0 |   13147 |   0.0 |       0 |      36 |   0.0 |  1370
        Lair:1 |       0 |    4733 |   0.0 |       0 |      16 |   0.0 |  1095
        Lair:2 |       0 |    2976 |   0.0 |       0 |      16 |   0.0 |   998
        Lair:3 |       0 |    5923 |   0.0 |       0 |      24 |   0.0 |  1484
        Lair:4 |       0 |    8350 |   0.0 |       0 |      27 |   0.0 |  1435
        Lair:5 |       0 |    5005 |   0.0 |       0 |      23 |   0.0 |  1243
        Lair:6 |       0 |   23021 |   0.0 |       0 |      96 |   0.0 |  3042
         Orc:1 |       0 |    4681 |   0.0 |       0 |      51 |   0.0 |  1528
         Orc:2 |       0 |   14447 |   0.0 |       0 |      94 |   0.0 |  1684
      Depths:1 |       0 |    3565 |   0.0 |       0 |       4 |   0.0 |     6
       Ossuary |       0 |      56 |   0.0 |       0 |      24 |   0.0 |   465
               +---------+---------+-------+---------+---------+-------+---------
